 Dungeon Crawl Stone Soup version 0.31-a0-968-g24f9ace8b5 (webtiles) character file.

Game seed: 15366291774346903965

77 avis the Ducker (level 4, 21/21 HPs)
             Began as a Felid Shapeshifter on Oct 28, 2023.
             Got out of the dungeon alive.
             The game lasted 00:10:59 (2418 turns).

avis the Ducker (Felid Shapeshifter)                Turns: 2418, Time: 00:10:59

Health: 21/21      AC:  1    Str: 10    XL:     4   Next: 13%
Magic:  5/5        EV: 19    Int: 11    God:
Gold:   200        SH:  0    Dex: 17    Spells: 3/3 levels left
                                        Lives:  1   Deaths: 1

rFire   . .          .
                       - Unarmed
rCold   . . .        (shield unavailable)
rNeg    . . .        (body armour unavailable)
rPois   .            (helmet unavailable)
rElec   .            (cloak unavailable)
rCorr   .            (gloves unavailable)
SInv    +            (boots unavailable)
Will    .....        (no amulet)
Stlth   ++           (no ring)
HPRegen 0.23/turn    (no ring)
MPRegen 0.09/turn

%: no passive effects
@: beast-form, quick
A: beast (slay +2), very small, claws 1, fangs 3, see invisible, speed 1, shaggy
fur 1, stealthy paws, no weapons or thrown items, no armour, multi-lived
a: Begin Untransformation


You escaped.
You were a hulking beast.
You visited 1 branch of the dungeon, and saw 3 of its levels.

You collected 200 gold pieces.

Inventory:

Talismans
 b - a beast talisman
 c - a flux talisman
 s - a serpent talisman
Scrolls
 e - 6 scrolls of identify {unknown}
 g - 2 scrolls of vulnerability {unknown}
 i - 2 scrolls of teleportation {unknown}
 j - a scroll of amnesia {unknown}
 l - a scroll of fear {unknown}
 o - a scroll of enchant armour {unknown}
Potions
 d - a potion of mutation {unknown}
 f - a potion of cancellation {unknown}
 h - a potion of curing {unknown}
 k - a potion of magic {unknown}
 m - a potion of brilliance {unknown}
 n - a potion of heal wounds {unknown}


   Skills:
 - Level 3.0 Fighting
 * Level 4.2 Dodging
 - Level 3.0 Unarmed Combat
 - Level 3.5 Shapeshifting


You had 3 spell levels left.
You didn't know any spells.
Your spell library contained the following spells:

 Spells                   Type           Power      Damage    Failure   Level
 Summon Small Mammal      Summ           0%         N/A       34%         1
 Sublimation of Blood     Necr           0%         N/A       47%         2
 Call Canine Familiar     Summ           0%         N/A       71%         3
 Summon Guardian Golem    Hex/Summ       0%         N/A       71%         3
 Petrify                  Tmut/Erth      0%         N/A       98%         4
 Irradiate                Conj/Tmut      0%         3d11      100%        5


Dungeon Overview and Level Annotations

Branches:
Dungeon (3/15)

Altars:

Shops:
D:2 (

Annotations:
D:3 1 runed translucent door, exclusion: door, Crazy Yiuf, Ijyb


Innate Abilities, Weirdness & Mutations

You are a hulking beast.
Your limbs bulge with bestial killing power. (Slay +2)
You have sharp claws.
You have razor-sharp teeth.
You have supernaturally acute eyesight. (SInv)
You cover ground quickly. (Speed+)
You are covered in fur. (AC +1)
Your paws help you pounce on unaware monsters.
You are incapable of wielding weapons or throwing items.
You cannot wear armour.
You gain extra lives every three experience levels.


Message History

Ijyb is moderately wounded.
You claw Ijyb!
Ijyb is heavily wounded.
Ijyb closely misses you.
You scratch Ijyb.
Ijyb is severely wounded.
Ijyb zaps a wand.
Your mind is blasted!
Ouch! That really hurt!
* * * LOW HITPOINT WARNING * * *
You scratch Ijyb.
Ijyb is almost dead.
Ijyb screams, "Level is mine!
All mine!"
Ijyb hits you with a +0 dagger.
* * * LOW HITPOINT WARNING * * *
Press: ? - help, v - describe, . - travel
Here: Ijyb, wielding a +0 dagger, wearing a +0 leather armour and carrying a wand of mindburst (almost dead)
The floor.
Your transformation has ended.
You turn into a tree.
Your roots penetrate the ground.
Ijyb zaps a wand.
Your mind is blasted!
You die...
Your shape twists and changes as you die.
You feel less wooden.
You turn into a hulking beast.
You rejoin the land of the living...
There is an open door here.
There is an open door here.
You see here a +2 dagger of speed.
There is a stone staircase leading up here.
You climb upwards.
There is a stone staircase leading down here.
What level of the Dungeon? (default 3, ? - help)
There is a stone staircase leading up here.
You climb upwards.
There is a stone staircase leading down here.
There is an open door here.
There is an open door here.
There is an open door here.
There is a staircase leading out of the dungeon here.
You have escaped!

#......# #. ########
#. #############.
##.............
#......########
#######'#..#.#####...
#.....'.'..........##
#.##'##.#.##.#######
#.#.h.#.#....#
#.#...#.######
#.##+##.# #.......#
#########


There were no monsters in sight!

Vanquished Creatures
  3 adders
  2 worms (D:2)
  2 orcs (D:3)
  4 ball pythons
  5 endoplasms
  2 giant cockroaches (D:1)
  2 goblins
  3 hobgoblins
  2 jackals (D:1)
  2 kobolds (D:2)
  2 quokkas (D:1)
  4 bats
  2 frilled lizards
  6 rats
41 creatures vanquished.

Notes
Turn   | Place    | Note
-------+----------+-------------------------------------------
     0 | D:1      | avis the Felid Shapeshifter began the quest for the Orb.
     0 | D:1      | Reached XP level 1. HP: 9/9 MP: 2/2
   230 | D:1      | Reached XP level 2. HP: 13/13 MP: 3/3
   326 | D:1      | Reached skill level 3 in Dodging
   975 | D:2      | Reached skill level 4 in Dodging
   975 | D:2      | Reached XP level 3. HP: 12/16 MP: 4/4
  1020 | D:2      | Found Wigid's Weapon Shop.
  1846 | D:3      | Found a faded altar of an unknown god.
  2095 | D:3      | Found a runed translucent door.
  2096 | D:3      | Noticed Crazy Yiuf
  2166 | D:3      | Reached XP level 4. HP: 16/21 MP: 5/5
  2303 | D:3      | Noticed Ijyb
  2312 | D:3      | Blown up by Ijyb
  2418 | D:$      | Got out of the dungeon alive.

Illustrated notes

Levels and vault maps discovered:
D:1:      ncdulo_smallfort, layout_basic
D:2:      layout_basic, serial_shops, shop
D:3:      layout_loops_corners, basic_ecumenical_altar, uniq_ijyb,
          uniq_crazy_yiuf_cottage

Skill      XL: |  1  2  3 |
---------------+----------+-----
Fighting       | 2 3 |  3.0
Dodging        | 4 |  4.2
Unarmed Combat | |  3.0
Shapeshifting  | |  3.5

Action                     |  1- 3 |  4- 6 || total
---------------------------+-------+-------++-------
  Melee: Unarmed           |    76 |    12 ||    88
         Bite              |    12 |     1 ||    13
         Punch             |       |     1 ||     1
    Use: Potion            |       |     1 ||     1
   Stab: Sleeping          |     5 |       ||     5
 Armour: Skin              |    10 |     5 ||    15
  Dodge: Dodged            |    41 |     7 ||    48

Table legend: (Time is in decaauts)
 A = Elapsed time spent in this place.
 B = Non-inter-level travel time spent in this place.
 C = Inter-level travel time spent in this place.
 D = Time resting spent in this place.
 E = Time spent auto-exploring this place.
 F = Levels seen in this place.
 G = Mean time per level.
                   A        B        C        D        E       F      G
               +--------+--------+--------+--------+--------+-----+--------+
         Total |   2001 |   1722 |    279 |    102 |   1109 |   3 |  667.0 |
       Dungeon |   2001 |   1722 |    279 |    102 |   1109 |   3 |  667.0 |
               +--------+--------+--------+--------+--------+-----+--------+

Top non-repeatable levels by time:
     D:1: 724 daAuts
     D:3: 655 daAuts
     D:2: 621 daAuts
